 Dungeon Crawl Stone Soup version 0.20-a0-855-gd83b866 (webtiles) character file.

16291 wirefist the Brawler (level 12, -1/113 HPs)
             Began as a Troll Monk on Mar 12, 2017.
             Was the Champion of Wu Jian.
             Slain by an ice beast (13 damage)
             ... summoned by an ice statue
             ... in an ice cave.
             The game lasted 00:42:31 (10069 turns).

wirefist the Brawler (Troll Monk)                  Turns: 10069, Time: 00:42:31

Health: -1/113     AC:  9    Str: 22    XL:     12   Next: 8%
Magic:  11/11      EV: 17    Int:  6    God:    Wu Jian [******]
Gold:   759        SH:  0    Dex: 19    Spells: 11/11 levels left

rFire    . . .     SeeInvis .     - Unarmed
rCold    . . .     Gourm    +   F - +2 robe {MR+}
rNeg     . . .     Faith    +   (no shield)
rPois    .         Spirit   .   P - +1 hat
rElec    .         Reflect  .   J - +0 cloak
rCorr    .         Harm     .   (gloves unavailable)
MR       +....                  (boots unavailable)
Stlth    ++........             x - amulet of faith
Regen    0.7/turn               s - +3 ring of dexterity
MPRegen  0.2/turn               y - +2 ring of evasion

@: no status effects
A: unfitting armour, claws 3, fast metabolism 3, gourmand, regeneration 1,
shaggy fur 1, tough skin 2
a: Serpent's Lash, Heaven On Earth, Renounce Religion


You were in an ice cave.
You worshipped Wu Jian.
Wu Jian was exalted by your worship.
You were very full.

You visited 2 branches of the dungeon, and saw 12 of its levels.
You also visited: Ice Cave.

You collected 849 gold pieces.
You spent 90 gold pieces at shops.

Inventory:

Hand Weapons
 w - the +7 Singing Sword
   (You found it on level 4 of the Dungeon)
Armour
 i - a +0 cloak
 F - a +2 robe of magic resistance (worn)
 G - a +0 robe
 J - a +0 cloak (worn)
 P - a +1 hat (worn)
Jewellery
 e - an uncursed ring of protection from magic
 l - an uncursed ring of protection from fire
 s - a +3 ring of dexterity (right claw)
 v - an uncursed ring of fire
 x - an amulet of faith (around neck)
 y - a +2 ring of evasion (left claw)
 L - an uncursed amulet of magic regeneration
Wands
 H - a wand of iceblast (10/15)
 I - a wand of lightning (11/15)
 K - a wand of acid (9/15)
 M - a wand of lightning (7/15)
 N - a wand of confusion (19/48)
Scrolls
 a - 2 scrolls of blinking {unknown}
 c - 6 scrolls of identify
 d - a scroll of fear
 f - 5 scrolls of teleportation
 g - 2 scrolls of recharging
 h - a scroll of magic mapping {unknown}
 m - a scroll of random uselessness {unknown}
 o - 5 scrolls of remove curse
 q - 2 scrolls of enchant weapon
 C - a scroll of amnesia {unknown}
Potions
 k - 3 potions of heal wounds {unknown}
 n - 9 potions of curing
 r - a potion of might {unknown}
 t - 2 potions of degeneration {unknown}
 u - 4 potions of brilliance
 z - 2 potions of invisibility
 B - 3 potions of mutation {unknown}
 D - 2 potions of agility {unknown}
 E - a potion of cancellation {unknown}
Miscellaneous
 A - a phial of floods
Comestibles
 b - 10 bread rations
 j - 8 royal jellies
 p - 8 meat rations


   Skills:
 * Level 5.8 Fighting
 + Level 7.7 Dodging
 - Level 1.0 Stealth
 + Level 16.0 Unarmed Combat


You had 11 spell levels left.
You didn't know any spells.

Dungeon Overview and Level Annotations

Branches:
Dungeon (12/15)            Temple (1/1) D:5            Lair (0/6) D:8
    Orc (0/2) D:10

Altars:
Ashenzari
Cheibriados
Dithmenos
Elyvilon
Fedhas
Gozag
Hepliaklqana
Kikubaaqudgha
Makhleb
Nemelex Xobeh
Okawaru
Qazlal
Ru
Sif Muna
Trog
Uskayaw
Vehumet
Wu Jian
Xom
Yredelemnul
Zin
The Shining One

Annotations:
IceCv exclusion: ice statue


Innate Abilities, Weirdness & Mutations

You are too large for most types of armour.
You have claws for hands.
Your metabolism is lightning-fast.
You like to eat raw meat.
Your natural rate of healing is unusually fast.
You are covered in fur. (AC +1)
You have very tough skin. (AC +2)


Message History

The ice statue is almost destroyed.
You are engulfed in freezing vapours.
The ice statue gestures at you. The freezing blast engulfs you!
The ice beast closely misses you. The ice beast completely misses you.
The ice beast misses you.
You scratch the ice statue but do no damage.
You claw the ice statue!
You destroy the ice statue!
The Council accepts your kill.
The ice beast disappears in a puff of smoke! x3
You are engulfed in freezing vapours.
* * * LOW HITPOINT WARNING * * *
You are engulfed in freezing vapours.
* * * LOW HITPOINT WARNING * * *
The ice beast misses you.
You attack the ice beast from above.
You closely miss the ice beast. The ice beast hits you.
* * * LOW HITPOINT WARNING * * *
The ice beast freezes you!
You die...

####...##
##?#.....#8##
##...........#
#.............#
##.............#
#...............
#...............
#.§§§...⌠.......
#.Y@§...........
#.§§§...........
##..........
#.####...##
###44#...# #..#
+## ##+#


You could see 2 ice devils and an ice beast.

Vanquished Creatures
  Gastronok (D:12)
  The ghost of Rhandor the Sharpshooter, a journeyman DDHu of Gozag (D:10)
  Erica (D:8)
  3 two-headed ogres
  An ugly thing (D:12)
  Maurice (D:8)
  An ice statue (IceCv)
  An elephant (D:8)
  A gargoyle (D:10)
  2 ice devils (IceCv)
  2 trolls
  A hippogriff (D:7)
  A human (D:12)
  12 yaks
  4 hogs (D:12)
  2 basilisks (D:8)
  Eustachio (D:4)
  Menkaure (D:5)
  4 ice beasts
  7 orc warriors
  3 sky beasts
  5 ogres
  A phantom (D:6)
  2 centaurs
  7 bullfrogs
  2 gnoll sergeants
  6 scorpions
  9 killer bees (D:8)
  5 wights (D:7)
  6 howler monkeys
  5 crimson imps
  2 centaur zombies
  A bullfrog zombie (D:10)
  2 quasits
  10 orc priests
  2 jellies (D:7)
  4 hounds
  2 centaur skeletons
  13 orc wizards
  Jessica (D:2)
  3 iguanas
  Terence (D:2)
  Natasha (thrice) (D:2)
  10 worker ants
  A hound zombie (D:9)
  A mummy (D:5)
  10 gnolls
  9 adders
  4 river rats (D:6)
  4 shadow imps
  2 oozes
  4 worms
  2 dart slugs
  4 leopard geckos
  37 orcs
  10 giant cockroaches
  10 hobgoblins
  14 jackals
  7 kobolds
  4 quokkas
  3 ball pythons
  17 bats
  4 frilled lizards
  12 goblins
  A jackal zombie (D:9)
  A leopard gecko zombie (D:6)
  3 rats
  A fungus (D:4)
  A plant (D:6)
319 creatures vanquished.

Vanquished Creatures (others)
  A plant (D:6)
1 creature vanquished.

Grand Total: 320 creatures vanquished

Notes
Turn   | Place    | Note
-------+----------+-------------------------------------------
     0 | D:1      | wirefist the Troll Monk began the quest for the Orb.
     0 | D:1      | Reached XP level 1. HP: 22/22 MP: 0/0
   264 | D:1      | Reached XP level 2. HP: 24/29 MP: 1/1
   563 | D:2      | Noticed Terence
   568 | D:2      | Killed Terence
   568 | D:2      | Reached XP level 3. HP: 28/36 MP: 2/2
   672 | D:2      | Noticed Jessica
   684 | D:2      | Killed Jessica
   684 | D:2      | Reached skill level 4 in Unarmed Combat
   684 | D:2      | Reached XP level 4. HP: 32/44 MP: 3/3
  1056 | D:2      | Noticed Natasha
  1062 | D:2      | Killed Natasha
  1114 | D:2      | Noticed Natasha
  1118 | D:2      | Killed Natasha
  1118 | D:2      | Reached XP level 5. HP: 43/53 MP: 4/4
  1223 | D:2      | Noticed Natasha
  1234 | D:2      | Killed Natasha
  1371 | D:3      | Reached skill level 5 in Unarmed Combat
  1420 | D:3      | Found Zin's Purification Station.
  1423 | D:3      | Found a glowing silver altar of Zin.
  1428 | D:3      | Bought a potion of curing for 90 gold pieces
  1969 | D:3      | Found an iron altar of Okawaru.
  1969 | D:3      | Found a shadowy altar of Dithmenos.
  2068 | D:4      | Reached XP level 6. HP: 57/61 MP: 5/5
  2163 | D:4      | Reached skill level 6 in Unarmed Combat
  2387 | D:4      | Found a burning altar of Makhleb.
  2388 | D:4      | Found a hazy altar of Hepliaklqana.
  2544 | D:4      | Reached XP level 7. HP: 66/67 MP: 6/6
  2549 | D:4      | Reached skill level 7 in Unarmed Combat
  2609 | D:4      | Found a radiant altar of Vehumet.
  2641 | D:4      | Noticed Eustachio
  2648 | D:4      | Killed Eustachio
  2682 | D:4      | Reached skill level 8 in Unarmed Combat
  2790 | D:5      | Entered Level 5 of the Dungeon
  2806 | D:5      | Found a basalt altar of Yredelemnul.
  2921 | D:5      | Found a snail-covered altar of Cheibriados.
  2996 | D:5      | Found a staircase to the Ecumenical Temple.
  3006 | Temple   | Entered the Ecumenical Temple
  3035 | Temple   | Became a worshipper of the Wu Jian Council
  3035 | Temple   | Reached * piety under Wu Jian
  3035 | Temple   | Reached ** piety under Wu Jian
  3104 | D:5      | Reached XP level 8. HP: 75/75 MP: 7/7
  3272 | D:5      | Noticed Menkaure
  3273 | D:5      | Found a stormy altar of Qazlal.
  3279 | D:5      | Killed Menkaure
  3279 | D:5      | Reached skill level 9 in Unarmed Combat
  3570 | D:6      | Reached skill level 5 in Dodging
  3734 | D:6      | Reached skill level 10 in Unarmed Combat
  3983 | D:6      | Reached XP level 9. HP: 60/83 MP: 8/8
  4076 | D:6      | Found a glowing golden altar of the Shining One.
  4169 | D:6      | Reached *** piety under Wu Jian
  4311 | D:6      | Found an ornate altar of the Wu Jian Council.
  4880 | D:7      | Reached skill level 11 in Unarmed Combat
  5196 | D:7      | Found a deep blue altar of Sif Muna.
  5933 | D:8      | Noticed a two-headed ogre
  5945 | D:8      | Killed a two-headed ogre
  5945 | D:8      | Reached skill level 12 in Unarmed Combat
  5968 | D:8      | Found a staircase to the Lair.
  5968 | D:8      | Noticed an elephant
  6008 | D:8      | Killed an elephant
  6008 | D:8      | Reached XP level 10. HP: 57/92 MP: 9/9
  6070 | D:8      | Found a bloodstained altar of Trog.
  6164 | D:8      | Reached **** piety under Wu Jian
  6165 | D:8      | Noticed Erica
  6181 | D:8      | Killed Erica
  6181 | D:8      | Reached skill level 13 in Unarmed Combat
  6434 | D:8      | Found a glowing silver altar of Zin.
  6548 | D:8      | Found a shattered altar of Ashenzari.
  6548 | D:8      | Noticed Maurice
  6800 | D:8      | Killed Maurice
  7027 | D:8      | Reached ***** piety under Wu Jian
  7209 | D:9      | Reached skill level 14 in Unarmed Combat
  7470 | D:9      | Noticed a two-headed ogre
  7526 | D:9      | Killed a two-headed ogre
  7526 | D:9      | Reached XP level 11. HP: 69/101 MP: 10/10
  8046 | D:10     | Entered Level 10 of the Dungeon
  8170 | D:10     | Noticed Rhandor's ghost (journeyman DDHu)
  8723 | D:10     | Killed Rhandor's ghost
  8723 | D:10     | Reached skill level 5 in Fighting
  8723 | D:10     | Reached skill level 15 in Unarmed Combat
  8946 | D:10     | Found a staircase to the Orcish Mines.
  9569 | D:10     | You fall through a shaft for 2 floors!
  9595 | D:12     | Found a frozen archway.
  9598 | D:12     | Noticed a two-headed ogre
  9604 | D:12     | Noticed a green ugly thing
  9604 | D:12     | Killed a two-headed ogre
  9616 | D:12     | Killed a green ugly thing
  9667 | D:12     | Reached ****** piety under Wu Jian
  9745 | D:12     | Noticed Gastronok
  9754 | D:12     | Killed Gastronok
  9754 | D:12     | Reached XP level 12. HP: 113/113 MP: 11/11
  9868 | IceCv    | Entered an ice cave
  9901 | IceCv    | Reached skill level 16 in Unarmed Combat
 10069 | IceCv    | Slain by an ice beast

Vault maps used:
D:1:      lemuel_arrival_lava_pool
D:2:      first_bread, corexii_shack, uniq_jessica, uniq_terence, uniq_natasha
D:3:      zin_purify, gammafunk_temple_overflow_elements,
          minmay_randomly_rotated_circles
D:4:      old_forge, vehumet_crystals, gammafunk_temple_overflow_statue,
          uniq_eustachio
D:5:      yredelemnul_altar_generic, nicolae_qazlal_general_emergency,
          slow_altar_2, minmay_temple_entry_fiery, uniq_menkaure
D:6:      wad_woods_stonehenge, kennysheep_little_box, minivault_4
D:7:      tgw_sif
D:8:      ashenzari_altar_1, lemuel_doored_altar, david_lair_generic,
          basic_altar, uniq_maurice, uniq_erica
D:10:     erik_orc_3
D:12:     portal_ice_cave_entry_pillars_1, grunt_livestock, uniq_gastronok,
          uniq_nessos
Temple:   dpeg_three_leaves_temple
IceCv:    ice_cave_tombish

Skill      XL: |  1  2  3  4  5  6  7  8  9 10 11 12 |
---------------+-------------------------------------+-----
Dodging        | 3 4 5 6 7 |  7.7
Unarmed Combat | 4 5 6 8 10 12 14 15 16 | 16.0
Fighting       | 3 4 5 |  5.8
Stealth        | |  1.0

Action                   |  1- 3 |  4- 6 |  7- 9 | 10-12 || total
-------------------------+-------+-------+-------+-------++-------
Melee: Unarmed           |    68 |   167 |   306 |   443 ||   984
       Punch             |     1 |     2 |    12 |    46 ||    61
  Use: Scroll            |       |       |     7 |     2 ||     9
       Potion            |       |       |       |     2 ||     2
 Stab: Sleeping          |     2 |     5 |     6 |     3 ||    16
       Distracted        |       |       |       |     2 ||     2
  Eat: Chunk             |    12 |    17 |    30 |    37 ||    96
Armor: Robe              |    25 |    57 |    45 |    59 ||   186
Dodge: Dodged            |    36 |   106 |   109 |   193 ||   444
